 Dungeon Crawl Stone Soup version 0.24.0-2-g5b39cebb1c (webtiles) character file.

Game seed: 16181580945178283767, levelgen mode: deterministic

1387 Mrkan the Covert (level 8, -4/36 HPs)
             Began as a Spriggan Conjurer on Oct 29, 2019.
             Was a Follower of Nemelex Xobeh.
             Slain by a spriggan baker
             ... wielding a +0 dagger
              (12 damage)
             ... on level 7 of the Dungeon.
             The game lasted 00:25:17 (10347 turns).

Mrkan the Covert (Spriggan Conjurer)               Turns: 10347, Time: 00:25:17

Health: -4/36      AC:  3    Str:  5    XL:     8   Next: 40%
Magic:  5/15       EV: 23    Int: 17    God:    Nemelex Xobeh [*.....]
Gold:   379        SH:  0    Dex: 17    Spells: 10/15 levels left

rFire    . . .     SeeInvis +   n - +0 rapier
rCold    . . .     Gourm    .   (shield restricted)
rNeg     . . .     Faith    .   e - +1 robe {MR+}
rPois    .         Spirit   .   (helmet restricted)
rElec    .         Reflect  .   (no cloak)
rCorr    .         Harm     .   (gloves unavailable)
MR       ++...                  (boots unavailable)
Stlth    ++++......             (no amulet)
HPRegen  0.12/turn              (no ring)
MPRegen  0.14/turn              (no ring)

@: confusing touch, very quick
A: very small, unfitting armour, see invisible, herbivore, speed 3, slow
metabolism 2
a: Draw Escape, Draw Destruction, Draw Summoning, Renounce Religion


You were on level 7 of the Dungeon.
You worshipped Nemelex Xobeh.
Nemelex Xobeh was aware of your devotion.
You were not hungry.

You visited 1 branch of the dungeon, and saw 7 of its levels.

You collected 379 gold pieces.

Inventory:

Hand Weapons
 a - a +0 dagger
 n - a +0 rapier (weapon)
 v - the +6 shillelagh "Devastator" {shatter}
   (You found it on level 5 of the Dungeon)
Armour
 e - a +1 robe of magic resistance (worn)
Jewellery
 u - an uncursed amulet of faith {unknown}
Wands
 l - a wand of flame (6)
Scrolls
 b - 4 scrolls of teleportation {unknown}
 i - a scroll of enchant weapon {unknown}
 j - 7 scrolls of identify {unknown}
 o - 3 scrolls of fog {unknown}
 p - 5 scrolls of enchant armour {unknown}
 r - a scroll of blinking {unknown}
 t - 4 scrolls of random uselessness {unknown}
 w - a scroll of magic mapping {unknown}
 x - a scroll of fear {unknown}
 y - a scroll of remove curse {unknown}
Potions
 d - 2 potions of magic {unknown}
 f - a potion of cancellation {unknown}
 g - 6 potions of resistance {unknown}
 h - a potion of heal wounds {unknown}
 k - a potion of mutation {unknown}
 m - 2 potions of brilliance {unknown}
 q - a potion of invisibility {unknown}
 s - 2 potions of agility
 z - 2 potions of berserk rage {unknown}
 A - a potion of curing {unknown}
Comestibles
 c - 7 rations


   Skills:
 - Level 2.1 Short Blades
 * Level 7.7 Dodging
 + Level 8.6 Stealth
 - Level 4.0 Spellcasting
 - Level 3.1 Conjurations
 + Level 6.0 Hexes
 + Level 3.5 Invocations


You had 10 spell levels left.
You knew the following spells:

 Your Spells              Type           Power        Failure   Level  Hunger
a - Magic Dart            Conj           ##..         4%          1    None
b - Confuse               Hex            ###.....     4%          3    ###....
c - Confusing Touch       Hex            ###...       1%          1    None

Your spell library contained the following spells:

 Spells                   Type           Power        Failure   Level  Hunger
 Searing Ray              Conj           ##....       7%          2    ##.....
 Dazzling Spray           Conj/Hex       ###...       7%          3    ###....
 Fulminant Prism          Conj/Hex       ###.......   24%         4    ####...
 Iskenderun's Mystic Bla  Conj           ##......     41%         4    ####...
 Gell's Gravitas          Tloc           #.........   43%         3    ###....
 Force Lance              Conj/Tloc      #.......     63%         4    ####...
 Metabolic Englaciation   Hex/Ice        ##........   77%         5    ######.
 Yara's Violent Unravell  Hex/Tmut       ##........   77%         5    ######.
 Petrify                  Tmut/Erth      #.......     83%         4    ####...


Dungeon Overview and Level Annotations

Branches:
Dungeon (7/15)             Temple (0/1) D:5

Altars:
Fedhas
Kikubaaqudgha
Nemelex Xobeh
Okawaru
Qazlal
Trog
Wu Jian
Xom
Yredelemnul
Zin
The Shining One


Innate Abilities, Weirdness & Mutations

You are very small and have problems with some larger weapons.
You are too small for most types of armour.
You have supernaturally acute eyesight. (SInv)
You are a herbivore.
You cover ground extremely quickly.
You need to consume almost no food.


Message History

The spriggan baker hits you but does no damage.
Casting: Confusing Touch (safe; 1% risk of failure)
Confirm with . or Enter, or press ? or * to list all spells.
Aiming: Confuse (safe; 4% risk of failure)
Press: ? - help, Shift-Dir - straight line, f/p - spriggan baker
Aim: a spriggan baker, wielding a +0 dagger and wearing a +0 robe (chance to confuse on hit: 56%, chance to defeat MR: 20%)
The spriggan baker resists with almost no effort.
The spriggan baker hits you but does no damage.
Unknown command.
You closely miss the spriggan baker.
The spriggan baker completely misses you.
Casting: Confuse (safe; 4% risk of failure)
Confirm with . or Enter, or press ? or * to list all spells.
Aiming: Confuse (safe; 4% risk of failure)
Press: ? - help, Shift-Dir - straight line, f/p - spriggan baker
Aim: a spriggan baker, wielding a +0 dagger and wearing a +0 robe (chance to confuse on hit: 56%, chance to defeat MR: 20%)
The spriggan baker resists with almost no effort.
The spriggan baker hits you with a +0 dagger!
You die...
Your body disappears without a glow.

#.# #..##....#. #.#
#..#....... #.###
#..#..##### #.#..
#..#..##### #.#.#
#.........# #.#.#
#.........# #.#.#
#.........#
#.#.#####.........#
#.@i..............#
###.......#..########
#...................
#.#.#################
#.#.......<(.#
#.#.#####..#.#
#.#.....#..#.#
#.#.###.#.##.########
#.#.# #.#.......>...#


You could see a spriggan baker.

Vanquished Creatures
  Prince Ribbit (D:6)
  Duvessa (D:6)
  A black bear (D:7)
  2 sky beasts
  2 eyes of draining (D:5)
  Dowan (D:6)
  A howler monkey (D:6)
  A crimson imp (D:6)
  A quasit (D:7)
  A jelly (D:3)
  A bullfrog skeleton (D:6)
  3 hounds
  An iguana (D:4)
  2 worker ants
  4 hound skeletons
  2 worker ant zombies (D:6)
  A howler monkey skeleton (D:5)
  6 adders
  A gnoll (D:5)
  2 shadow imps
  An ooze (D:3)
  3 worms
  A dart slug (D:3)
  2 leopard geckos
  11 orcs
  A ball python (D:5)
  4 giant cockroaches
  14 goblins
  7 hobgoblins
  8 jackals
  3 quokkas
  2 bats (D:3)
  8 frilled lizards
  6 kobolds
  A leopard gecko skeleton (D:6)
  A quokka skeleton (D:7)
  7 rats
115 creatures vanquished.

Notes
Turn   | Place    | Note
-------+----------+-------------------------------------------
     0 | D:1      | Mrkan the Spriggan Conjurer began the quest for the Orb.
     0 | D:1      | Reached XP level 1. HP: 9/9 MP: 5/5
   568 | D:1      | Reached XP level 2. HP: 13/13 MP: 2/6
  1104 | D:2      | Found a shimmering altar of Xom.
  1150 | D:2      | Reached skill level 4 in Stealth
  1150 | D:2      | Reached XP level 3. HP: 13/16 MP: 0/8
  1390 | D:2      | Reached skill level 1 in Short Blades
  2326 | D:2      | Reached XP level 4. HP: 21/21 MP: 7/10
  3098 | D:3      | Found a basalt altar of Yredelemnul.
  3239 | D:3      | Noticed a fire elemental
  3241 | D:3      | Found a stormy altar of Qazlal.
  3242 | D:3      | Noticed a water elemental
  3242 | D:3      | Noticed an earth elemental
  3242 | D:3      | Noticed an air elemental
  3361 | D:3      | Reached skill level 5 in Stealth
  3714 | D:3      | Found a blossoming altar of Fedhas.
  3867 | D:3      | Found a glowing golden altar of the Shining One.
  4052 | D:4      | Reached XP level 5. HP: 9/24 MP: 5/11
  4250 | D:4      | Found an ancient bone altar of Kikubaaqudgha.
  4254 | D:4      | Found an iron altar of Okawaru.
  4348 | D:4      | Learned a level 3 spell: Confuse
  4808 | D:4      | Reached skill level 6 in Stealth
  4954 | D:4      | Found a sparkling altar of Nemelex Xobeh.
  4969 | D:4      | Became a worshipper of Nemelex Xobeh the Trickster
  4984 | D:4      | Received a gift from Nemelex Xobeh
  5197 | D:5      | Entered Level 5 of the Dungeon
  5302 | D:5      | Reached skill level 1 in Hexes
  5417 | D:5      | Noticed a sky beast
  5538 | D:5      | Killed a sky beast
  5538 | D:5      | Reached skill level 1 in Invocations
  5538 | D:5      | Reached XP level 6. HP: 28/28 MP: 3/13
  5741 | D:5      | Reached skill level 5 in Dodging
  5987 | D:5      | Found a staircase to the Ecumenical Temple.
  5993 | D:5      | Reached * piety under Nemelex Xobeh
  6021 | D:5      | Found the +6 shillelagh "Devastator" {shatter}
  7095 | D:5      | Found a bloodstained altar of Trog.
  7149 | D:5      | Reached skill level 7 in Stealth
  7149 | D:5      | Reached XP level 7. HP: 32/32 MP: 0/14
  7858 | D:6      | Noticed Prince Ribbit
  8176 | D:6      | Killed Prince Ribbit
  8218 | D:6      | Reached skill level 5 in Hexes
  8363 | D:6      | Reached skill level 8 in Stealth
  8363 | D:6      | Reached XP level 8. HP: 28/36 MP: 4/15
  8786 | D:6      | Found an ornate altar of the Wu Jian Council.
  9207 | D:6      | Noticed Dowan
  9208 | D:6      | Noticed Duvessa
  9220 | D:6      | Killed Dowan
  9261 | D:6      | Killed Duvessa
  9683 | D:7      | Received a gift from Nemelex Xobeh
  9810 | D:7      | Found a glowing silver altar of Zin.
 10185 | D:7      | Learned a level 1 spell: Confusing Touch
 10347 | D:7      | Slain by a spriggan baker

Levels and vault maps discovered:
D:1:      saegor_arrival_simple_a, layout_basic
D:2:      kennysheep_the_goblin_king, layout_basic, xom_teletrap_fun
D:3:      layout_basic, fedhas_altar_3, overflow_temple_1_default,
          lemuel_round_altar, nicolae_qazlal_style_of_elements
D:4:      layout_loops_ring, nemelex_xobeh_ov_fountains_minmay,
          grunt_temple_overflow_open, first_ration
D:5:      layout_loops_ring, trog_eyes_of_draining,
          minmay_temple_entry_antechambers
D:6:      layout_layer_cave, kennysheep_mini, kennysheep_decorative_pillar,
          uniq_duvessa, uniq_prince_ribbit1
D:7:      layout_basic, nicolae_overflow_hidden_temple, the_bakery,
          yredelemnul_altar_generic, uniq_harold

Skill      XL: |  1  2  3  4  5  6  7  8 |
---------------+-------------------------+-----
Conjurations   | 3 |  3.1
Spellcasting   | 3 4 |  4.0
Stealth        | 4 5 6 7 8 |  8.6
Short Blades   | 1 2 |  2.1
Dodging        | 4 5 6 7 |  7.7
Hexes          | 2 3 5 6 |  6.0
Invocations    | 1 2 3 |  3.5

Action                   |  1- 3 |  4- 6 |  7- 9 || total
-------------------------+-------+-------+-------++-------
Melee: Dagger            |    37 |    23 |       ||    60
       Rapier            |       |   162 |   177 ||   339
 Cast: Magic Dart        |   103 |   145 |    54 ||   302
       Confuse           |       |     4 |    32 ||    36
       Confusing Touch   |       |       |     5 ||     5
 Stab: Sleeping          |     1 |     4 |     3 ||     8
       Confused          |       |     1 |    18 ||    19
       Distracted        |       |     1 |     1 ||     2
  Eat: Ration            |       |     2 |     3 ||     5
Armor: Robe              |     3 |    13 |    23 ||    39
Dodge: Dodged            |    27 |   147 |   218 ||   392
